 Dungeon Crawl Stone Soup version 0.27.1-3-gb3d3a73c9e (webtiles) character file.

Game seed: 510691973918941438

478 CuBeRJAN3 the Magician (level 6, -11/35 HPs)
             Began as a Deep Elf Fire Elementalist on Oct 6, 2021.
             Was an Initiate of Vehumet.
             Splashed by Ijyb's acid (14 damage)
             ... on level 5 of the Dungeon.
             The game lasted 00:18:36 (4866 turns).

CuBeRJAN3 the Magician (Deep Elf Fire Elementalist) Turns: 4866, Time: 00:18:36

Health: -11/35     AC: -1    Str: 11    XL:     6   Next: 85%
Magic:  12/16      EV: 12    Int: 28    God:    Vehumet [......]
Gold:   111        SH:  0    Dex: 15    Spells: 0/16 levels left

rFire    . . .     SeeInvis .   c - +2 dagger (venom)
rCold    . . .     Faith    .   (no shield)
rNeg     . . .     Spirit   .   a - +0 robe
rPois    .         Reflect  .   (no helmet)
rElec    .         Harm     .   s - +1 cloak
rCorr    .         Rampage  .   r - +2 pair of gloves
Will     .....                  (no boots)
Stlth    +++.......             (no amulet)
HPRegen  0.11/turn              d - +6 ring of intelligence
MPRegen  0.15/turn              h - +6 ring of strength

@: corroded
A: no striking features
a: Renounce Religion


You were on level 5 of the Dungeon.
You worshipped Vehumet.
Vehumet was noncommittal.
You visited 1 branch of the dungeon, and saw 5 of its levels.
You also visited: Sewer.

You collected 111 gold pieces.

Inventory:

Hand Weapons
 c - a +2 dagger of venom (weapon)
Missiles
 u - a throwing net
Armour
 a - a +0 robe (worn)
 r - a +2 pair of gloves (worn)
 s - a +1 cloak (worn)
 t - a +1 leather armour of willpower
Jewellery
 d - a +6 ring of intelligence (left hand)
 h - a +6 ring of strength (right hand)
Scrolls
 b - 2 scrolls of vulnerability
 e - a scroll of teleportation {unknown}
 f - a scroll of fog
 i - a scroll of torment {unknown}
 p - a scroll of amnesia {unknown}
Potions
 j - a potion of haste {unknown}
 k - 3 potions of curing
 l - 2 potions of heal wounds
 m - 2 potions of mutation {unknown}
 n - a potion of degeneration {unknown}
 o - a potion of magic {unknown}
 q - a potion of berserk rage {unknown}


   Skills:
 + Level 1.9 Fighting
 - Level 2.4 Dodging
 + Level 4.0 Stealth
 * Level 5.7 Spellcasting
 + Level 2.8 Conjurations
 + Level 2.4 Hexes
 + Level 2.4 Translocations
 + Level 4.3 Fire Magic


You couldn't memorise any spells.
You knew the following spells:

 Your Spells              Type           Power      Damage    Failure   Level
a - Foxfire               Conj/Fire      100%       2x1d9     1%          1
b - Blink                 Tloc           N/A        N/A       3%          2
c - Conjure Flame         Conj/Fire      28%        6-21      4%          3
d - Inner Flame           Hex/Fire       27%        N/A       4%          3
e - Sticky Flame          Conj/Fire      28%        2d5       14%         4
f - Tukima's Dance        Hex            21%        N/A       7%          3

Your spell library contained the following spells:

 Spells                   Type           Power      Damage    Failure   Level
 Corona                   Hex            23%        N/A       2%          1
 Ensorcelled Hibernation  Hex/Ice        28%        N/A       5%          2
 Corpse Rot               Necr/Air       N/A        N/A       10%         2
 Fireball                 Conj/Fire      14%        3d8       36%         5
 Dispel Undead            Necr           8%         3d8       52%         4
 Olgreb's Toxic Radiance  Pois           8%         N/A       52%         4
 Manifold Assault         Tloc           21%        N/A       54%         5
 Death Channel            Necr           4%         N/A       100%        6
 Ozocubu's Refrigeration  Ice            4%         4d5       100%        7
 Storm Form               Tmut/Air       4%         N/A       100%        7
 Ignition                 Fire           16%        3d6       100%        8


Dungeon Overview and Level Annotations

Branches:
Dungeon (5/15)              Sewer (visited)
 Temple: D:4-7

Altars:
Kikubaaqudgha
Vehumet
Wu Jian

Shops:
D:1 [

Annotations:
D:3 Sigmund
D:5 Blork the orc, Ijyb


Message History

The foxfire hits Ijyb.
Flame seeps out of Ijyb.
Ijyb is severely wounded.
You climb upwards.
There is a stone staircase leading down here.
You start resting.
You are no longer corroded.
You climb downwards.
Level annotation: Blork the orc, Ijyb
There is a stone staircase leading up here.
You climb upwards.
There is a stone staircase leading down here.
You start resting.
Magic restored.
You start resting.
HP restored.
You climb downwards.
Level annotation: Blork the orc, Ijyb Ijyb screams, "I cut your head off!"
There is a stone staircase leading up here.
Casting: Foxfire (safe; 1% risk of failure)
Confirm with . or Enter, or press ? or * to list all spells.
Aiming: Inner Flame (dangerous; 4% risk of failure)
Press: ? - help, Shift-Dir - straight line, f - Ijyb
Aim: Ijyb, wielding a +6 dagger of speed, wearing a +0 scale mail and carrying a wand of acid (8) (chance to affect: 88%) Ijyb is filled with an inner flame.
Ijyb zaps a wand.
The bolt of acid misses you.
Casting: Foxfire (safe; 1% risk of failure)
Press: ? - help, Q - select action, (/) - cycle Dir - look around, f - activate You conjure some foxfire!
Ijyb zaps a wand.
The bolt of acid hits you. The acid corrodes you!
You are splashed with acid!
The foxfire hits Ijyb!
Flame seeps out of Ijyb.
Ijyb is moderately wounded.
The foxfire hits Ijyb.
Flame seeps out of Ijyb.
Ijyb is heavily wounded.
Ijyb is engulfed in blazing flames.
Flame seeps out of Ijyb.
Ijyb zaps a wand.
The bolt of acid hits you!
* * * LOW HITPOINT WARNING * * *
The acid corrodes you!
You are splashed with acid!
You die...

##+###
#....#
#....+
#@§..#
+§§..#
#§...#
#......
#g.......
#........
#........
##+#####.


You could see Ijyb (inner flame).

Vanquished Creatures
  Eustachio (D:4)
  Menkaure (D:4)
  A howler monkey (D:4)
  2 bullfrog skeletons
  An iguana (D:4)
  An adder (Sewer)
  A river rat (D:4)
  3 worms
  A dart slug (D:1)
  4 bats
  2 endoplasms
  3 giant cockroaches
  8 goblins
  7 hobgoblins
  4 jackals (D:1)
  4 quokkas
  5 ball pythons
  3 frilled lizards
  12 kobolds
  7 rats
71 creatures vanquished.

Vanquished Creatures (others)
  208 foxfires
208 creatures vanquished.

Grand Total: 279 creatures vanquished

Notes
Turn   | Place    | Note
-------+----------+-------------------------------------------
     0 | D:1      | CuBeRJAN3 the Deep Elf Fire Elementalist began the quest
                  | for the Orb.
     0 | D:1      | Reached XP level 1. HP: 10/10 MP: 6/6
   231 | D:1      | Reached XP level 2. HP: 14/15 MP: 5/8
   449 | D:1      | Learned a level 2 spell: Blink
   595 | D:1      | Found Paph's Antique Armour Shop.
   812 | D:1      | Reached XP level 3. HP: 20/20 MP: 1/10
  1051 | D:1      | Learned a level 3 spell: Conjure Flame
  1055 | D:1      | Learned a level 3 spell: Inner Flame
  1111 | D:1      | Reached skill level 4 in Spellcasting
  1111 | D:1      | Reached skill level 1 in Translocations
  2545 | D:3      | Reached skill level 1 in Fighting
  2552 | D:3      | Found a faded altar of an unknown god.
  2578 | D:3      | Reached XP level 4. HP: 11/25 MP: 7/12
  2762 | D:3      | Found an ornate altar of the Wu Jian Council.
  2986 | D:3      | You fall into a shaft and drop 1 floor!
  2997 | D:3      | Noticed Sigmund
  3286 | D:4      | Reached skill level 1 in Hexes
  3366 | D:4      | Reached XP level 5. HP: 29/29 MP: 9/14
  3428 | D:4      | Found a glowing drain.
  3456 | Sewer    | Entered a sewer
  3603 | D:4      | Noticed Menkaure
  3614 | D:4      | Killed Menkaure
  3615 | D:4      | Reached skill level 5 in Spellcasting
  3615 | D:4      | Reached XP level 6. HP: 19/34 MP: 11/15
  3875 | D:4      | Found an ancient bone altar of Kikubaaqudgha.
  4041 | D:4      | Noticed Eustachio
  4061 | D:4      | Killed Eustachio
  4329 | D:5      | Entered Level 5 of the Dungeon
  4376 | D:5      | Learned a level 4 spell: Sticky Flame
  4380 | D:5      | Learned a level 3 spell: Tukima's Dance
  4385 | D:5      | Found a radiant altar of Vehumet.
  4388 | D:5      | Became a worshipper of Vehumet
  4457 | D:5      | Noticed Blork the orc
  4697 | D:5      | Noticed Ijyb
  4866 | D:5      | Splashed by Ijyb's acid

Illustrated notes

Levels and vault maps discovered:
D:1:      minmay_arrival_solitary_statue, layout_loops_cross, serial_shops,
          shop, minmay_pentomino_r4
D:2:      layout_loops_ring, chequers_serial_rivers_small_3
D:3:      layout_rooms, lemuel_crystal_altar, shapermc_ecumenical_altar_pompeii,
          uniq_sigmund
D:4:      layout_cave_pools, mainiacjoe_overflow_small_starburst,
          portal_sewer_entry_a, uniq_menkaure, uniq_eustachio
D:5:      layout_gridville, mainiacjoe_overflow_alcove_1, kennysheep_mini,
          uniq_ijyb, uniq_grinder, uniq_blork_the_orc

Skill      XL: |  1  2  3  4  5  6 |
---------------+-------------------+-----
Spellcasting   | 4 5 |  5.7
Translocations | 1 2 |  2.4
Fighting       | 1 |  1.9
Stealth        | 3 4 |  4.0
Hexes          | 1 2 |  2.4
Conjurations   | 2 |  2.8
Fire Magic     | 4 |  4.3
Dodging        | |  2.4

Action                   |  1- 3 |  4- 6 || total
-------------------------+-------+-------++-------
Melee: Dagger            |    14 |       ||    14
 Cast: Foxfire           |    89 |    36 ||   125
       Conjure Flame     |     4 |       ||     4
       Inner Flame       |       |     3 ||     3
  Use: Scroll            |       |     4 ||     4
       Potion            |       |     1 ||     1
Armor: Robe              |    10 |     3 ||    13
Dodge: Dodged            |    27 |    13 ||    40
